 Dungeon Crawl Stone Soup version 0.31-a0-237-g2d982f9f85 (webtiles) character file.

Game seed: 2546460114468909497

123 qw the Shooter (level 5, 0/30 HPs)
             Began as a Gargoyle Hexslinger on July 11, 2023.
             Frozen to death by an endoplasm (5 damage)
             ... on level 3 of the Dungeon.
             The game lasted 00:00:51 (2139 turns).

qw the Shooter (Gargoyle Hexslinger)                Turns: 2139, Time: 00:00:52

Health: 0/30       AC: 10    Str: 12    XL:     5   Next: 7%
Magic:  6/6        EV: 10    Int: 13    God:
Gold:   112        SH:  0    Dex: 14    Spells: 5/6 levels left

rFire   . . .        Y - +2 sling
rCold   . . .        (no shield)
rNeg    + . .        a - +0 ring mail
rPois   inf          (no helmet)
rElec   +            e - +0 cloak
rCorr   .            (no gloves)
SInv    .            (no boots)
Will    .....        (no amulet)
Stlth   +            (no ring)
HPRegen 0.25/turn    (no ring)
MPRegen 0.10/turn

%: no passive effects
@: no status effects
A: sickness immunity, AC +4, negative energy resistance 1, electricity
resistance, torment resistance 1, petrification resistance
a: no special abilities


You were on level 3 of the Dungeon.
You visited 1 branch of the dungeon, and saw 3 of its levels.

You collected 112 gold pieces.


Innate Abilities, Weirdness & Mutations

You are immune to sickness and miasma.
Your stone body is resilient. (AC +4)
You are immune to poison.
You resist negative energy. (rN+)
You are resistant to electric shocks. (rElec)
You are resistant to unholy torment.
You are immune to petrification.


   Skills:
 - Level 2.0 Fighting
 + Level 4.6 Ranged Weapons
 - Level 1.0 Armour
 - Level 1.5 Dodging
 - Level 1.0 Spellcasting
 - Level 2.6 Hexes


You had 5 spell levels left.
You knew the following spells:

 Your Spells              Type           Power      Damage    Failure   Level
a - Slow                  Hex            28%        N/A       22%         1

Your spell library contained the following spells:

 Spells                   Type           Power      Damage    Failure   Level
 Inner Flame              Hex/Fire       4%         N/A       73%         3
 Portal Projectile        Hex/Tloc       8%         N/A       73%         3
 Cause Fear               Hex            3%         N/A       91%         4

Inventory:

Hand Weapons
 Y - a +2 sling (weapon)
Armour
 a - a +0 ring mail (worn)
 e - a +0 cloak (worn)
Potions
 c - 2 potions of curing {unknown}
 d - a potion of berserk rage {unknown}
 f - a potion of mutation {unknown}
 g - a potion of might {unknown}

Dungeon Overview and Level Annotations

Branches:
Dungeon (3/15)

Altars:

Shops:
D:3 (

Annotations:
D:1 exclusion: 2 gnolls


Message History

You are frozen.
You shoot a sling bullet. The sling bullet hits the gnoll.
The gnoll is almost dead.
The gnoll barely misses you. The gnoll closely misses you.
The endoplasm hits you but does no damage.
You shoot a sling bullet.
The sling bullet closely misses the gnoll.
The gnoll hits you but does no damage. The endoplasm hits you.
The gnoll closely misses you. The gnoll barely misses you.
The endoplasm barely misses you. The gnoll hits you with a +0 whip.
You shoot a sling bullet.
The sling bullet hits the gnoll but does no damage.
The gnoll is almost dead.
The gnoll barely misses you. x2
The endoplasm hits you but does no damage.
You shoot a sling bullet.
The sling bullet closely misses the gnoll.
The endoplasm hits you but does no damage.
The gnoll closely misses you. The gnoll hits you with a +0 whip.
2136 ||| DRINKING potion of heal wounds.
You feel much better. The gnoll hits you with a +0 whip.
The gnoll hits you but does no damage. The endoplasm freezes you.
You are frozen.
You shoot a sling bullet.
The sling bullet completely misses the gnoll.
The endoplasm barely misses you.
The gnoll hits you but does no damage. x2
The gnoll barely misses you.
The endoplasm hits you but does no damage.
The gnoll barely misses you.
You shoot a sling bullet.
The sling bullet closely misses the gnoll.
The gnoll hits you with a +0 whip. The gnoll hits you with a +0 club.
The endoplasm hits you but does no damage.
You shoot a sling bullet. The sling bullet hits the gnoll.
You kill the gnoll!
The gnoll hits you with a +0 whip. The endoplasm freezes you.
You are frozen.
You die...

###'##..........#####
#...................
##########..........
#..........
#..........
######..........
#....'..........
#.####..J)......
#..@g......
#...)......
######..... .....
.... .. #


You could see a gnoll and an endoplasm.

Vanquished Creatures
  3 gnolls
  4 adders
  2 worms
  A dart slug (D:2)
  7 endoplasms
  3 giant cockroaches (D:1)
  6 goblins
  6 hobgoblins
  6 jackals (D:2)
  A quokka (D:2)
  7 ball pythons
  2 bats (D:2)
  A frilled lizard (D:2)
  5 kobolds
  3 rats
57 creatures vanquished.

Notes
Turn   | Place    | Note
-------+----------+-------------------------------------------
     0 | D:1      | qw the Gargoyle Hexslinger began the quest for the Orb.
     0 | D:1      | Reached XP level 1. HP: 12/12 MP: 2/2
     0 | D:1      | 0 ||| qw: Version: 0.3-a-52-g30416fa
     0 | D:1      | 0 ||| qw: Game counter: 5724
     0 | D:1      | 0 ||| qw: Melee chars always use a shield: true
     0 | D:1      | 0 ||| qw: God list: Okawaru
     0 | D:1      | 0 ||| qw: Allow faded altars: false
     0 | D:1      | 0 ||| qw: Do Orc after clearing Dungeon:15 true
     0 | D:1      | 0 ||| qw: Do second Lair branch before Depths: true
     0 | D:1      | 0 ||| qw: Lair rune preference: random
     0 | D:1      | 0 ||| qw: Goals: Normal
     0 | D:1      | 0 ||| PLANNING D:1-11
   174 | D:1      | 174 ||| READING scroll labelled JIRGHE POXIOSCHI.
   174 | D:1      | HP: 2/12 [gnoll/+0 spear (3)]
   252 | D:1      | Reached XP level 2. HP: 16/16 MP: 3/3
   272 | D:1      | Reached skill level 3 in Ranged Weapons
   598 | D:1      | Reached XP level 3. HP: 20/20 MP: 4/4
   889 | D:1      | 889 ||| UPGRADING to +0 ring mail.
   899 | D:1      | 899 ||| DROPPING +0 robe.
   900 | D:1      | 900 ||| UPGRADING to +0 cloak.
   905 | D:1      | 905 ||| READING scroll labelled MARGHO LOEHARIA.
   906 | D:1      | 906 ||| DROPPING scroll of poison.
  1055 | D:2      | Reached skill level 1 in Armour
  1204 | D:2      | Reached XP level 4. HP: 26/26 MP: 5/5
  1444 | D:2      | Reached skill level 4 in Ranged Weapons
  1916 | D:2      | 1916 ||| READING scroll labelled KUOBBI DIFYQESU.
  1917 | D:2      | 1917 ||| READING scroll labelled ZIONOUC FUSE.
  1918 | D:2      | 1918 ||| DRINKING 3 dark potions.
  1947 | D:3      | Found Lunamm's Antique Weapon Emporium.
  2128 | D:3      | HP: 6/26 [gnoll/+0 whip (4)]
  2129 | D:3      | Reached XP level 5. HP: 7/30 MP: 6/6
  2129 | D:3      | 2129 ||| DRINKING 2 potions of heal wounds.
  2135 | D:3      | HP: 7/30 [gnoll/+0 whip (5)]
  2136 | D:3      | 2136 ||| DRINKING potion of heal wounds.
  2139 | D:3      | Frozen to death by an endoplasm

Levels and vault maps discovered:
D:1:      amcnicky_arrival_wind_blow, layout_basic
D:2:      layout_basic
D:3:      layout_basic, serial_shops, nicolae_shop_advertising_works
          [nicolae_subvault_shop_adworks]

Skill      XL: |  1  2  3  4 |
---------------+-------------+-----
Ranged Weapons | 3 4 |  4.6
Fighting       | 2 |  2.0
Armour         | 1 |  1.0
Dodging        | |  1.5
Spellcasting   | |  1.0
Hexes          | |  2.6

Action                     |  1- 3 |  4- 6 || total
---------------------------+-------+-------++-------
   Fire: Sling             |    93 |   118 ||   211
    Use: Scroll            |     2 |     2 ||     4
         Potion            |       |     3 ||     3
 Armour: Robe              |     8 |       ||     8
         Ring mail         |     5 |    58 ||    63
  Dodge: Dodged            |    28 |    66 ||    94

Table legend:
 A = Non-vault XP
 B = Vault XP
 C = Vault XP percentage of total XP
 D = Non-vault monster count
 E = Vault monster count
 F = Vault count percentage of total count
                 A         B        C        D         E       F
            +---------+---------+-------+---------+---------+-------
      Total |     192 |       0 |   0.0 |      57 |       0 |   0.0
            +---------+---------+-------+---------+---------+-------
        D:1 |      50 |       0 |   0.0 |      22 |       0 |   0.0
        D:2 |      71 |       0 |   0.0 |      25 |       0 |   0.0
        D:3 |      71 |       0 |   0.0 |      10 |       0 |   0.0
            +---------+---------+-------+---------+---------+-------
